 Dungeon Crawl Stone Soup version 0.31-a0-219-g8d62b2e7bb (webtiles) character file.

Game seed: 2569648611326578817

108 AltDragon the Insei (level 4, -4/29 HPs)
             Began as an Octopode Transmuter on July 3, 2023.
             Slain by a gnoll
             ... wielding a +0 spear
              (7 damage)
             ... on level 3 of the Dungeon.
             The game lasted 00:10:38 (2140 turns).

AltDragon the Insei (Octopode Transmuter)           Turns: 2140, Time: 00:10:40

Health: -4/29      AC:  1    Str:  9    XL:     4   Next: 87%
Magic:  7/7        EV: 13    Int: 15    God:
Gold:   71         SH:  0    Dex: 14    Spells: 4/7 levels left

rFire   . .          .
                       - Unarmed
rCold   . . .        (no shield)
rNeg    . . .        (helmet restricted)
rPois   .            f - amulet of magic regeneration
rElec   .            b - ring of see invisible
rCorr   .            (no ring)
SInv    +            (no ring)
Will    .....        (no ring)
Stlth   +++          (no ring)
HPRegen 0.24/turn    (no ring)
MPRegen 0.50/turn    (no ring)
                     (no ring)

%: no passive effects
@: wereblooded
A: almost no armour, amphibious, 8 rings, camouflage 1, gelatinous body 1,
(nimble swimmer 1), tentacles
a: no special abilities


You were on level 3 of the Dungeon.
You visited 1 branch of the dungeon, and saw 3 of its levels.

You collected 71 gold pieces.

Inventory:

Jewellery
 b - a ring of see invisible (left tentacle)
 f - an amulet of magic regeneration (around mantle)
Scrolls
 c - a scroll of teleportation
 d - 2 scrolls of identify
 e - a scroll of revelation
 g - a scroll of silence
Potions
 a - a potion of lignification
 h - a potion of haste
 i - a potion of berserk rage {unknown}


   Skills:
 + Level 1.9 Fighting
 + Level 2.6 Dodging
 + Level 2.0 Stealth
 * Level 3.7 Unarmed Combat
 + Level 2.4 Spellcasting
 + Level 2.5 Transmutations


You had 4 spell levels left.
You knew the following spells:

 Your Spells              Type           Power      Damage    Failure   Level
a - Beastly Appendage     Tmut           18%        N/A       8%          1
b - Wereblood             Tmut           9%         N/A       12%         2

Your spell library contained the following spells:

 Spells                   Type           Power      Damage    Failure   Level
 Magic Dart               Conj           4%         1d3       22%         1
 Call Imp                 Summ           2%         N/A       32%         2
 Spider Form              Tmut/Pois      5%         N/A       36%         3
 Ignite Poison            Fire/Tmut/Pois 4%         N/A       41%         3
 Mephitic Cloud           Conj/Pois/Air  1%         N/A       54%         3
 Ice Form                 Ice/Tmut       5%         N/A       77%         4
 Sticky Flame             Conj/Fire      1%         2d3       91%         4
 Ignition                 Fire           0%         3d3       100%        8


Dungeon Overview and Level Annotations

Branches:
Dungeon (3/15)

Altars:
Ru
Xom

Shops:
D:1 [


Innate Abilities, Weirdness & Mutations

You cannot wear most types of armour.
You are amphibious.
You can wear up to eight rings at the same time.
Your skin changes colour to match your surroundings (Stealth+).
Your rubbery body absorbs attacks. (AC +1, EV +1)
((You are camouflaged when in or above water. (Stealth+)))
You have tentacles for arms and can constrict up to eight enemies at once.


Message History

The gnoll hits you from afar with a +0 spear.
You tentacle-slap the orc.
The orc is heavily wounded.
You constrict the orc.
You feel a bit better.
You kill the orc!
Your Stealth skill increases to level 2!
There are no items here.
The gnoll closely misses you. The gnoll misses you.
You tentacle-slap the gnoll. You grab the gnoll. You squeeze the gnoll!
You feel a bit better.
You kill the gnoll!
The gnoll barely misses you.
The gnoll hits you from afar with a +0 halberd.
The gnoll closely misses you. The gnoll completely misses you.
Your magical contamination has completely faded away.
You closely miss the orc. You grab the orc. You constrict the orc.
The orc closely misses you. The gnoll barely misses you.
The gnoll hits you from afar with a +0 spear!
You tentacle-slap the orc. You squeeze the orc.
You feel a bit better.
You kill the orc!
The gnoll hits you from afar with a +0 spear.
The gnoll misses you. The orc barely misses you.
The gnoll barely misses you. x2
You tentacle-slap the orc but do no damage.
You grab the orc. You squeeze the orc.
The orc is almost dead.
You constrict the orc, but do no damage.
The gnoll closely misses you. The orc barely misses you.
The gnoll hits you from afar with a +0 halberd.
You tentacle-slap the orc.
You feel a bit better.
You kill the orc!
The gnoll misses you.
The gnoll hits you from afar with a +0 spear.
You bludgeon the gnoll! You grab the gnoll. You tentacle-slap the gnoll.
The gnoll is severely wounded.
You constrict the gnoll, but do no damage.
The gnoll hits you with a +0 whip!
* * * LOW HITPOINT WARNING * * *
The gnoll hits you from afar with a +0 spear!
You die...

..#.##.........# #.#
#.#.######.#####
#.##### #.#.# #.#
#.....# #.#.# #+#
##.###.# ....# ...
#.#.# #.### ....
###...## ..# .....
##..#...# ..####
.....g####......##.#
.....+
....ogg@.........(.#
...### ....# ###.#
#.# ###.## #.#


You could see 3 gnolls and 2 orcs.

Vanquished Creatures
  An orc wizard (D:3)
  A gnoll (D:3)
  A worm (D:2)
  5 dart slugs
  3 orcs (D:3)
  5 endoplasms
  6 giant cockroaches
  5 goblins
  6 hobgoblins
  5 kobolds
  3 quokkas
  A ball python (D:1)
  6 bats
  4 frilled lizards
  A rat (D:2)
53 creatures vanquished.

Notes
Turn   | Place    | Note
-------+----------+-------------------------------------------
     0 | D:1      | AltDragon the Octopode Transmuter began the quest for the
                  | Orb.
     0 | D:1      | Reached XP level 1. HP: 13/13 MP: 3/3
    48 | D:1      | Found Meadis's Armour Shop.
    50 | D:1      | Reached XP level 2. HP: 16/18 MP: 5/5
    77 | D:1      | Found a faded altar of an unknown god.
   399 | D:1      | Reached skill level 1 in Stealth
   399 | D:1      | Reached XP level 3. HP: 21/23 MP: 6/6
  1338 | D:2      | Found a shimmering altar of Xom.
  1425 | D:2      | Reached XP level 4. HP: 29/29 MP: 7/7
  1820 | D:2      | Learned a level 2 spell: Wereblood
  1954 | D:3      | Found a sacrificial altar of Ru.
  2140 | D:3      | Slain by a gnoll

Illustrated notes

Levels and vault maps discovered:
D:1:      lemuel_arrival_hallway, layout_loops_ring,
          hellmonk_ecumenical_altar_blasted, serial_shops, shop,
          minmay_misc_feat_hallway
D:2:      layout_loops_corners, basic_altar
D:3:      layout_loops_corners, nicolae_ru_great_annihilating_truth

Skill      XL: |  1  2  3  4 |
---------------+-------------+-----
Stealth        | 1 2 |  2.0
Fighting       | |  1.9
Dodging        | |  2.6
Unarmed Combat | |  3.7
Spellcasting   | |  2.4
Transmutations | |  2.5

Action                     |  1- 3 |  4- 6 || total
---------------------------+-------+-------++-------
  Melee: Unarmed           |    90 |    22 ||   112
         Constrict         |    30 |     8 ||    38
         Tentacles         |    22 |     7 ||    29
         Punch             |     3 |     1 ||     4
         Kick              |     2 |       ||     2
   Cast: Beastly Appendage |     3 |       ||     3
         Wereblood         |       |     2 ||     2
    Use: Scroll            |     5 |     4 ||     9
   Stab: Sleeping          |    12 |     1 ||    13
         Distracted        |       |     1 ||     1
         Paralysed         |       |     1 ||     1
 Armour: Skin              |     9 |       ||     9
  Dodge: Dodged            |    45 |    16 ||    61

Table legend: (Time is in decaauts)
 A = Elapsed time spent in this place.
 B = Non-inter-level travel time spent in this place.
 C = Inter-level travel time spent in this place.
 D = Time resting spent in this place.
 E = Time spent auto-exploring this place.
 F = Levels seen in this place.
 G = Mean time per level.
                   A        B        C        D        E       F      G
               +--------+--------+--------+--------+--------+-----+--------+
         Total |   2132 |   2040 |     92 |    314 |   1377 |   3 |  710.7 |
       Dungeon |   2132 |   2040 |     92 |    314 |   1377 |   3 |  710.7 |
               +--------+--------+--------+--------+--------+-----+--------+

Top non-repeatable levels by time:
     D:2: 1026 daAuts
     D:1: 858 daAuts
     D:3: 247 daAuts
